NYP
WILLIAMSPORT CROSSCUTTERS @ LOS ANGELES (NYP) DODGERS
08/08/2048
 
TOP OF THE 1ST
Williamsport Crosscutters batting - Pitching for Los Angeles (NYP) Dodgers : RHP Junzo Fujii
Pitching: RHP Junzo Fujii
Batting: RHB Jason Ostrom 0-0: Foul Ball, location: 2F
0-1: Bunt for hit to 13 - play at first, batter safe!
Batting: SHB Art Kent 0-0: Ball
Jason Ostrom steals 2nd base
1-0: Called Strike
Jason Ostrom steals 3rd base
1-1: Swinging Strike
1-2: Ball
2-2: Ball
3-2: SINGLE (Line Drive, 9LS, EV 107.5 MPH)
Jason Ostrom scores
Batting: RHB John Manocchio 0-0: Ball
1-0: Called Strike
1-1: Called Strike
1-2: Strikes out looking
Batting: RHB Shintaro Katsumata 0-0: Foul Ball, location: 2F
0-1: Ball
1-1: Ball
2-1: Swinging Strike
2-2: Foul Ball, location: 2F
2-2: SINGLE (Flyball, 8RS, EV 88.8 MPH)
Art Kent to second
Batting: SHB Nick Chandler Balk!
Art Kent to third
Shintaro Katsumata to second
0-0: Hit by Pitch
Batting: RHB Pete Deschamps 0-0: Ball
1-0: Called Strike
1-1: Ball
2-1: Fly out, F8 (Flyball, 8LD, EV 100.0 MPH)
Runner from 3rd tags up, SCORES, throw by CF
Shintaro Katsumata to third
Batting: RHB Nick Cottrell 0-0: Ball
1-0: Called Strike
1-1: Called Strike
1-2: Strikes out swinging
Top of the 1st over - 2 runs, 3 hits, 0 errors, 2 left on base; Williamsport 2 - Los Angeles (NYP) 0
BOTTOM OF THE 1ST
Los Angeles (NYP) Dodgers batting - Pitching for Williamsport Crosscutters : RHP Chris Leavitt
Pitching: RHP Chris Leavitt
Batting: SHB Alex Noval 0-0: Ball
1-0: Called Strike
1-1: Ball
2-1: Swinging Strike
2-2: Foul Ball, location: 2F
2-2: Strikes out swinging
Batting: RHB Adam Maczko 0-0: Called Strike
0-1: Called Strike
0-2: Ball
1-2: Foul Ball, location: 2F
1-2: Foul Ball, location: 2F
1-2: Ground out 4-3 (Groundball, 4, EV 80.6 MPH)
Batting: RHB Tommy Hunter 0-0: Ball
1-0: SINGLE (Groundball, 6MS, EV 67.5 MPH) (infield hit)
Batting: RHB Juan Gallegos 0-0: Called Strike
0-1: Called Strike
0-2: Ball
1-2: Ball
2-2: Foul Ball, location: 2F
2-2: Strikes out swinging
Bottom of the 1st over - 0 runs, 1 hit, 0 errors, 1 left on base; Williamsport 2 - Los Angeles (NYP) 0
TOP OF THE 2ND
Williamsport Crosscutters batting - Pitching for Los Angeles (NYP) Dodgers : RHP Junzo Fujii
Batting: RHB Gavin Helton 0-0: Foul Ball, location: 2F
0-1: Called Strike
0-2: Ball
1-2: Ball
2-2: Foul Ball, location: 2F
2-2: Fly out, F3 (Popup, 34, EV 68.1 MPH)
Batting: RHB Leon Edwards 0-0: Ball
1-0: Foul Ball, location: 2F
1-1: Reached on error, E4 (Groundball, 4, EV 85.6 MPH)
Batting: RHB Jason Ostrom 0-0: Called Strike
0-1: Called Strike
0-2: SINGLE (Groundball, 6, EV 98.8 MPH)
Leon Edwards to third
Runner from 3rd tries for Home, throw by CF and OUT! 8-2
Jason Ostrom to second
Batting: SHB Art Kent 0-0: Ball
1-0: Foul Ball, location: 2F
1-1: Ball
2-1: Ground out U3 (Groundball, 3, EV 90.0 MPH)
Top of the 2nd over - 0 runs, 1 hit, 1 error, 1 left on base; Williamsport 2 - Los Angeles (NYP) 0
BOTTOM OF THE 2ND
Los Angeles (NYP) Dodgers batting - Pitching for Williamsport Crosscutters : RHP Chris Leavitt
Batting: LHB Fernão Manta 0-0: Called Strike
0-1: Swinging Strike
0-2: Ball
1-2: Ball
2-2: Strikes out swinging
Batting: RHB Brad Brady 0-0: Ball
1-0: SINGLE (Groundball, 6M, EV 105.6 MPH) (infield hit)
Batting: LHB Bobby Gambrell 0-0: Ball
1-0: Ball
2-0: Called Strike
2-1: Swinging Strike
Passed Ball!
Brad Brady to second
2-2: Strikes out looking
Batting: RHB Bob Magana 0-0: Ground out 6-3 (Groundball, 6M, EV 90.6 MPH)
Bottom of the 2nd over - 0 runs, 1 hit, 0 errors, 1 left on base; Williamsport 2 - Los Angeles (NYP) 0
TOP OF THE 3RD
Williamsport Crosscutters batting - Pitching for Los Angeles (NYP) Dodgers : RHP Junzo Fujii
Batting: RHB John Manocchio 0-0: Ball
1-0: Called Strike
1-1: Ball
2-1: Ball
3-1: Foul Ball, location: 2F
3-2: DOUBLE (Line Drive, 3D, EV 107.5 MPH)
Batting: RHB Shintaro Katsumata 0-0: Fly out, F7 (Line Drive, 7, EV 89.4 MPH)
Batting: SHB Nick Chandler 0-0: Ball
1-0: Ball
2-0: Called Strike
2-1: Foul Ball, location: 2F
2-2: Strikes out looking
Batting: RHB Pete Deschamps 0-0: Ball
Wild Pitch!
John Manocchio to third
1-0: Ball
2-0: Swinging Strike
2-1: Ground out 6-3 (Groundball, P, EV 81.2 MPH)
Top of the 3rd over - 0 runs, 1 hit, 0 errors, 1 left on base; Williamsport 2 - Los Angeles (NYP) 0
BOTTOM OF THE 3RD
Los Angeles (NYP) Dodgers batting - Pitching for Williamsport Crosscutters : RHP Chris Leavitt
Batting: RHB Chad Rojas 0-0: Called Strike
0-1: Ball
1-1: Foul Ball, location: 2F
1-2: Ball
2-2: Ground out 5-3 (Groundball, 56S, EV 70.0 MPH)
Batting: SHB Alex Noval 0-0: Called Strike
0-1: Called Strike
0-2: Ball
1-2: Ball
2-2: Strikes out looking
Batting: RHB Adam Maczko 0-0: SINGLE (Flyball, 89S, EV 94.4 MPH)
Batting: RHB Tommy Hunter 0-0: Ball
1-0: Ground out 6-3 (Groundball, 6S, EV 85.6 MPH)
Bottom of the 3rd over - 0 runs, 1 hit, 0 errors, 1 left on base; Williamsport 2 - Los Angeles (NYP) 0
TOP OF THE 4TH
Williamsport Crosscutters batting - Pitching for Los Angeles (NYP) Dodgers : RHP Junzo Fujii
Batting: RHB Nick Cottrell 0-0: Ball
1-0: Ball
2-0: Called Strike
2-1: Ball
3-1: Foul Ball, location: 2F
3-2: Base on Balls
Batting: RHB Gavin Helton 0-0: Called Strike
0-1: Ball
1-1: Fly out, F9 (Flyball, 9LS, EV 86.2 MPH)
Batting: RHB Leon Edwards 0-0: Ball
Balk!
Nick Cottrell to second
1-0: Called Strike
1-1: Ball
2-1: Foul Ball, location: 2F
2-2: Foul Ball, location: 2F
2-2: Fly out, F7 (Line Drive, 78M, EV 103.8 MPH)
Batting: RHB Jason Ostrom 0-0: Ball
1-0: Ball
2-0: Ball
3-0: Base on Balls
Batting: SHB Art Kent 0-0: Called Strike
0-1: Ball
1-1: Fly out, F8 (Flyball, 8RM, EV 85.0 MPH)
Top of the 4th over - 0 runs, 0 hits, 0 errors, 2 left on base; Williamsport 2 - Los Angeles (NYP) 0
BOTTOM OF THE 4TH
Los Angeles (NYP) Dodgers batting - Pitching for Williamsport Crosscutters : RHP Chris Leavitt
Batting: RHB Juan Gallegos 0-0: Called Strike
0-1: Ball
1-1: Ball
2-1: Foul Ball, location: 2F
2-2: Ball
3-2: Base on Balls
Batting: LHB Fernão Manta 0-0: Ball
Wild Pitch!
Juan Gallegos to second
1-0: Hit by Pitch
Batting: RHB Brad Brady 0-0: Foul Ball, location: 2F
0-1: Swinging Strike
0-2: Ball
1-2: Strikes out swinging
Batting: LHB Bobby Gambrell 0-0: Ball
1-0: Foul Ball, location: 2F
1-1: Foul Ball, location: 2F
1-2: Hit by Pitch
Juan Gallegos to third
Fernão Manta to second
Batting: RHB Bob Magana 0-0: Called Strike
0-1: Ball
1-1: Foul Ball, location: 2F
1-2: Fly out, F8 (Flyball, 8LM, EV 86.9 MPH)
Runner from 3rd tags up, SCORES, throw by CF
Fernão Manta to third
Batting: RHB Chad Rojas 0-0: Fielders Choice at 2nd, 5-4 (Groundball, 5, EV 95.6 MPH)
Bottom of the 4th over - 1 run, 0 hits, 0 errors, 2 left on base; Williamsport 2 - Los Angeles (NYP) 1
TOP OF THE 5TH
Williamsport Crosscutters batting - Pitching for Los Angeles (NYP) Dodgers : RHP Junzo Fujii
Batting: RHB John Manocchio 0-0: Ball
1-0: Ball
2-0: Called Strike
2-1: Ball
3-1: Called Strike
3-2: Foul Ball, location: 2F
3-2: Fly out, F9 (Line Drive, 89M, EV 105.0 MPH)
Batting: RHB Shintaro Katsumata 0-0: Called Strike
0-1: Ball
1-1: Called Strike
1-2: Strikes out looking
Batting: SHB Nick Chandler 0-0: Ball
1-0: Ball
2-0: Ball
3-0: Base on Balls
Batting: RHB Pete Deschamps 0-0: DOUBLE (Line Drive, 7LD, EV 104.4 MPH)
Nick Chandler to third
Batting: RHB Nick Cottrell 0-0: Ball
1-0: Ball
2-0: Ball
3-0: Base on Balls
Batting: RHB Gavin Helton 0-0: Swinging Strike
0-1: Foul Ball, location: 2F
0-2: Ball
1-2: Ball
2-2: Ground out 1-3 (Groundball, 13S, EV 69.4 MPH)
Top of the 5th over - 0 runs, 1 hit, 0 errors, 3 left on base; Williamsport 2 - Los Angeles (NYP) 1
BOTTOM OF THE 5TH
Los Angeles (NYP) Dodgers batting - Pitching for Williamsport Crosscutters : RHP Chris Leavitt
Batting: SHB Alex Noval 0-0: Ground out 5-3 (Groundball, 56, EV 83.8 MPH)
Batting: RHB Adam Maczko 0-0: Ball
1-0: Foul Ball, location: 2F
1-1: Ball
2-1: Ground out U3 (Groundball, 3S, EV 85.0 MPH)
Batting: RHB Tommy Hunter 0-0: Ball
1-0: SINGLE (Line Drive, 8LS, EV 104.4 MPH)
Batting: RHB Juan Gallegos 0-0: Swinging Strike
0-1: Ball
1-1: Ball
2-1: Fly out, F9 (Flyball, 89M, EV 95.6 MPH)
Bottom of the 5th over - 0 runs, 1 hit, 0 errors, 1 left on base; Williamsport 2 - Los Angeles (NYP) 1
TOP OF THE 6TH
Williamsport Crosscutters batting - Pitching for Los Angeles (NYP) Dodgers : RHP Junzo Fujii
Pitching: RHP Balinda Msrah
Batting: RHB Leon Edwards 0-0: Ground out 3-1 (Groundball, 34S, EV 87.5 MPH)
Batting: RHB Jason Ostrom 0-0: Ball
1-0: Called Strike
1-1: Ball
2-1: Ground out 4-3 (Groundball, 4M, EV 90.0 MPH)
Batting: SHB Art Kent 0-0: Foul Ball, location: 2F
0-1: Foul Ball, location: 2F
0-2: Foul Ball, location: 2F
0-2: Strikes out looking
Top of the 6th over - 0 runs, 0 hits, 0 errors, 0 left on base; Williamsport 2 - Los Angeles (NYP) 1
BOTTOM OF THE 6TH
Los Angeles (NYP) Dodgers batting - Pitching for Williamsport Crosscutters : RHP Chris Leavitt
Batting: LHB Fernão Manta 0-0: Swinging Strike
0-1: Ball
1-1: Fly out, F8 (Flyball, 8LXD, EV 99.4 MPH)
Batting: RHB Brad Brady 0-0: Ball
1-0: Ball
2-0: Ball
3-0: Base on Balls
Batting: LHB Bobby Gambrell 0-0: Called Strike
0-1: Ball
1-1: Called Strike
1-2: Strikes out swinging
Batting: RHB Bob Magana 0-0: Called Strike
0-1: Ball
Brad Brady steals 2nd base
1-1: Ball
2-1: Foul Ball, location: 2F
2-2: Foul Ball, location: 2F
2-2: SINGLE (Line Drive, 4MD, EV 100.0 MPH)
Brad Brady to third
Runner from 3rd tries for Home, throw by CF and OUT! 8-2
Bottom of the 6th over - 0 runs, 1 hit, 0 errors, 1 left on base; Williamsport 2 - Los Angeles (NYP) 1
TOP OF THE 7TH
Williamsport Crosscutters batting - Pitching for Los Angeles (NYP) Dodgers : RHP Balinda Msrah
Batting: RHB John Manocchio 0-0: Ball
1-0: Ball
2-0: Foul Ball, location: 2F
2-1: Ground out 5-3 (Groundball, 5, EV 84.4 MPH)
Batting: RHB Shintaro Katsumata 0-0: Ball
1-0: Called Strike
1-1: Ball
2-1: Ball
3-1: Foul Ball, location: 2F
3-2: Strikes out looking
Batting: SHB Nick Chandler 0-0: Swinging Strike
0-1: Ball
1-1: Called Strike
1-2: Strikes out looking
Top of the 7th over - 0 runs, 0 hits, 0 errors, 0 left on base; Williamsport 2 - Los Angeles (NYP) 1
BOTTOM OF THE 7TH
Los Angeles (NYP) Dodgers batting - Pitching for Williamsport Crosscutters : RHP Chris Leavitt
Pitching: RHP David Deon
Batting: RHB Chad Rojas 0-0: Ball
1-0: Swinging Strike
1-1: Called Strike
1-2: Ball
2-2: Foul Ball, location: 2F
2-2: Strikes out swinging
Batting: SHB Alex Noval 0-0: Ball
1-0: Ball
2-0: Ball
3-0: Called Strike
3-1: Foul Ball, location: 2F
3-2: Strikes out swinging
Batting: RHB Adam Maczko 0-0: Hit by Pitch
Batting: RHB Tommy Hunter 0-0: Foul Ball, location: 2F
0-1: Ball
1-1: Ball
2-1: Foul Ball, location: 2F
2-2: Ball
3-2: Fly out, F4 (Popup, 34, EV 78.8 MPH)
Bottom of the 7th over - 0 runs, 0 hits, 0 errors, 1 left on base; Williamsport 2 - Los Angeles (NYP) 1
TOP OF THE 8TH
Williamsport Crosscutters batting - Pitching for Los Angeles (NYP) Dodgers : RHP Balinda Msrah
Batting: RHB Pete Deschamps 0-0: Called Strike
0-1: Hit by Pitch
Batting: RHB Nick Cottrell 0-0: Ball
1-0: Bunted foul
1-1: Bunt missed!
1-2: Foul Ball, location: 2F
1-2: Ball
2-2: Foul Ball, location: 2F
2-2: DOUBLE (Groundball, 3L, EV 103.1 MPH)
Pete Deschamps to third
Pinch Hitting: LHB Noel Young 0-0: Intentional Walk
Batting: RHB Leon Edwards 0-0: Ball
1-0: Ball
2-0: Ball
Passed Ball!
Pete Deschamps scores
Nick Cottrell to third
Noel Young to second
3-0: Base on Balls
Batting: RHB Jason Ostrom 0-0: Called Strike
0-1: Fly out, F9 (Flyball, 9S, EV 88.8 MPH)
Batting: SHB Art Kent 0-0: Foul Ball, location: 2F
0-1: Ball
1-1: Ball
2-1: Foul Ball, location: 2F
2-2: Strikes out swinging
Batting: RHB John Manocchio 0-0: Ball
1-0: Ball
2-0: Foul Ball, location: 2F
2-1: Ball
3-1: Called Strike
3-2: SINGLE (Line Drive, 78S, EV 99.4 MPH)
Nick Cottrell scores
Noel Young to third
Leon Edwards to second
Noel Young scores
Leon Edwards to third
Batting: RHB Shintaro Katsumata 0-0: Ball
1-0: Fly out, F9 (Line Drive, 9S, EV 105.6 MPH)
Top of the 8th over - 3 runs, 2 hits, 0 errors, 2 left on base; Williamsport 5 - Los Angeles (NYP) 1
BOTTOM OF THE 8TH
Los Angeles (NYP) Dodgers batting - Pitching for Williamsport Crosscutters : RHP David Deon
Now in LF: Chris Moody
Batting: RHB Juan Gallegos 0-0: Called Strike
0-1: Called Strike
0-2: Ball
1-2: Strikes out swinging
Batting: LHB Fernão Manta 0-0: Ball
1-0: Called Strike
1-1: Ball
2-1: Ball
3-1: Foul Ball, location: 2F
3-2: Strikes out looking
Batting: RHB Brad Brady 0-0: Ball
1-0: Ball
2-0: Ground out 6-3 (Groundball, 6, EV 86.2 MPH)
Bottom of the 8th over - 0 runs, 0 hits, 0 errors, 0 left on base; Williamsport 5 - Los Angeles (NYP) 1
TOP OF THE 9TH
Williamsport Crosscutters batting - Pitching for Los Angeles (NYP) Dodgers : RHP Balinda Msrah
Pitching: RHP Jared Wisham
Batting: SHB Nick Chandler 0-0: Called Strike
0-1: Ground out 4-3 (Groundball, 4, EV 86.2 MPH)
Batting: RHB Pete Deschamps 0-0: Ball
1-0: Fly out, F6 (Line Drive, 6, EV 69.4 MPH)
Batting: RHB Nick Cottrell 0-0: Ball
1-0: Ball
2-0: Ball
3-0: Foul Ball, location: 2F
3-1: Foul Ball, location: 2F
3-2: SINGLE (Groundball, 3D, EV 102.5 MPH)
Batting: LHB Chris Moody 0-0: Ball
Nick Cottrell steals 2nd base
1-0: Intentional Walk
Batting: RHB Leon Edwards 0-0: Called Strike
0-1: Fielders Choice at 2nd, 5-4 (Groundball, 56, EV 80.6 MPH)
Top of the 9th over - 0 runs, 1 hit, 0 errors, 2 left on base; Williamsport 5 - Los Angeles (NYP) 1
BOTTOM OF THE 9TH
Los Angeles (NYP) Dodgers batting - Pitching for Williamsport Crosscutters : RHP David Deon
Pitching: RHP Lance Brisson
Batting: LHB Bobby Gambrell 0-0: Ball
1-0: Called Strike
1-1: Ball
2-1: Called Strike
2-2: Strikes out swinging
Batting: RHB Bob Magana 0-0: Called Strike
0-1: Foul Ball, location: 2F
0-2: Ball
1-2: Foul Ball, location: 2F
1-2: Ball
2-2: Foul Ball, location: 2F
2-2: Foul Ball, location: 2F
2-2: Ball
3-2: SINGLE (Groundball, 56D, EV 95.6 MPH)
Batting: RHB Chad Rojas 0-0: Called Strike
0-1: Foul Ball, location: 2F
0-2: Fly out, F9 (Flyball, 9D, EV 95.6 MPH)
Batting: SHB Alex Noval 0-0: Called Strike
0-1: Ball
1-1: Called Strike
1-2: Ball
2-2: Strikes out looking
Bottom of the 9th over - 0 runs, 1 hit, 0 errors, 1 left on base; Williamsport 5 - Los Angeles (NYP) 1
Tuesday, March 28th , 2023 - OOTP Baseball 23.10 Build 110